AoeStats
← snowttle

Arena

508388023Analyzed
4v4 RM · 10d ago on Sep 22, 2026· 53m 40s· 8 players
Game mode
Random Map
Map size
Large (8 player)
Population
200
Speed
Normal
Resources
Standard
Victory
Conquest
Starting age
Dark Age
Ending age
Imperial Age
RankedLock teamsTeams togetherTeam positionsShared explorationLock speedFull tech treeHidden civsTurbo modeCheats
Victory
Defeat
🇳🇵 Mongols · Nepal
1100
+15
🇨🇳 Poles · China
1098
+15
🇨🇳 Franks · China
1092
+15
🇨🇳 Italians · China
1074
+16
🇨🇳 Poles · China
1111
-22
🇨🇳 Britons · China
1077
-15
🇹🇼 Persians · Taiwan
1074
-15
🇨🇳 Jurchens · China
1056
-14
三条柒
2:38 Loom
11:32 Feudal Age
12:32 Horse Collar
12:38 Double-Bit Axe
13:06 Town Watch
15:56 Castle Age
16:46 Heavy Plow
17:01 Bow Saw
18:05 Wheelbarrow
20:13 Scale Barding Armor
21:39 Chain Barding Armor
22:24 Forging
22:14 Stone Mining
22:51 Gold Mining
23:20 Hand Cart
24:06 Bloodlines
24:02 Husbandry
25:25 Iron Casting
25:56 Hand Cart
29:58 Imperial Age
28:02 Scale Mail Armor
29:07 Stone Shaft Mining
28:13 Pikeman
28:53 Squires
29:40 Chain Mail Armor
29:28 Fletching
30:01 Szlachta Privileges
31:34 Crop Rotation
31:33 Siege Engineers
32:20 Plate Mail Armor
33:20 Masonry
33:48 Conscription
35:10 Blast Furnace
34:05 Bodkin Arrow
35:11 Cavalier
35:22 Capped Ram
36:47 Ballistics
36:57 Murder Holes
42:08 Treadmill Crane
43:30 Chemistry
44:23 Lechitic Legacy
43:24 Elite Obuch
44:39 Hoardings
45:38 Coinage
45:09 Caravan
45:03 Siege Ram
47:11 Banking
52:35 Sappers
月喵喵
10:34 Feudal Age
11:39 Horse Collar
11:46 Double-Bit Axe
16:15 Castle Age
16:55 Heavy Plow
19:04 Wheelbarrow
20:33 Bow Saw
21:18 Wheelbarrow
22:42 Hand Cart
23:48 Loom
28:10 Imperial Age
25:27 Treadmill Crane
25:40 Fletching
25:51 Padded Archer Armor
26:30 Bodkin Arrow
26:58 Ballistics
27:53 Leather Archer Armor
27:12 Elite Skirmisher
28:48 Forging
30:07 Chemistry
29:26 Pirotechnia
29:36 Conscription
29:30 Bracer
30:38 Ring Archer Armor
30:30 Gold Mining
31:18 Stone Mining
32:47 Elite Genoese Crossbowman
34:01 Fortified Wall
33:48 Murder Holes
36:38 Stone Shaft Mining
36:59 Guilds
40:32 Masonry
51:07 Thumb Ring
51:53 Town Watch
52:16 Scale Barding Armor
52:46 Iron Casting
51:34 Crossbowman
52:51 Hoardings
西边有座岛
7:46 Loom
11:10 Feudal Age
12:51 Double-Bit Axe
15:12 Castle Age
16:39 Bow Saw
28:46 Imperial Age
27:03 Wheelbarrow
27:11 Town Watch
27:36 Scale Barding Armor
28:25 Forging
28:58 Hand Cart
28:50 Gold Mining
29:38 Chain Barding Armor
29:55 Iron Casting
30:03 Conscription
29:42 Cavalier
31:54 Paladin
32:36 Husbandry
33:15 Plate Barding Armor
34:21 Blast Furnace
33:04 Pikeman
33:45 Fletching
34:41 Squires
35:51 Scale Mail Armor
35:48 Bodkin Arrow
36:06 Halberdier
38:35 Light Cavalry
39:03 Arson
40:39 Gold Shaft Mining
39:59 Stone Mining
41:51 Ballistics
42:32 Chemistry
41:50 Chain Mail Armor
46:09 Chivalry
50:09 Padded Archer Armor
50:42 Plate Mail Armor
50:36 Gambesons
50:14 Man-at-Arms
51:15 Leather Archer Armor
51:01 Herbal Medicine
53:50 Fervor
54:16 Coinage
53:48 Guard Tower
54:01 Town Patrol
54:31 #83
53:37 Elite Throwing Axeman
snowttle
9:52 Feudal Age
10:40 Loom
14:36 Castle Age
12:46 Double-Bit Axe
13:09 Loom
13:59 Wheelbarrow
15:34 Fletching
17:53 Horse Collar
21:29 Padded Archer Armor
21:27 Bodkin Arrow
25:17 Heavy Plow
29:34 Imperial Age
28:25 Bow Saw
29:56 Padded Archer Armor
30:20 Gold Mining
31:10 Scale Barding Armor
31:37 Hand Cart
32:35 Husbandry
32:46 Bloodlines
31:57 Cavalier
33:14 Conscription
33:22 Chain Barding Armor
34:09 Bracer
36:18 Leather Archer Armor
36:48 Gold Shaft Mining
36:05 Stone Mining
38:18 Elite Mangudai
40:24 Nomads
41:12 Heavy Camel Rider
42:38 Light Cavalry
48:33 Elite Skirmisher
49:39 Parthian Tactics
49:01 Hussar
51:24 Town Watch
52:42 Chemistry
52:13 Ballistics
53:42 Thumb Ring
54:04 Forging
Oscar_Lee
10:45 Feudal Age
14:37 Castle Age
13:17 Double-Bit Axe
13:13 Horse Collar
15:22 Bow Saw
15:49 Bow Saw
22:34 Wheelbarrow
23:24 Heavy Plow
23:23 Gold Mining
24:25 Hand Cart
25:01 Loom
25:03 Town Watch
29:08 Imperial Age
28:44 Gold Shaft Mining
28:00 Stone Mining
28:17 Scale Barding Armor
28:23 Forging
29:20 Stone Shaft Mining
29:27 Bloodlines
29:17 Husbandry
29:39 Chain Barding Armor
29:26 Heavy Camel Rider
32:06 Conscription
31:24 Cavalier
35:37 Chemistry
34:50 Masonry
34:36 Murder Holes
35:02 Ballistics
35:52 Padded Archer Armor
38:21 Hoardings
39:15 Leather Archer Armor
43:44 Plate Barding Armor
43:45 Iron Casting
47:49 Architecture
50:01 Blast Furnace
猛将兄
11:35 Feudal Age
12:03 Horse Collar
12:08 Double-Bit Axe
19:32 Castle Age
18:14 Scale Barding Armor
19:20 Forging
21:15 Chain Barding Armor
21:52 Bloodlines
21:41 Gold Mining
22:48 Heavy Plow
32:42 Light Cavalry
37:08 Wheelbarrow
36:49 Bow Saw
若叶睦
10:42 Feudal Age
15:44 Castle Age
13:46 Double-Bit Axe
14:57 Stone Mining
15:59 Horse Collar
16:57 Bow Saw
17:08 Heavy Plow
23:41 Wheelbarrow
25:29 Gold Mining
29:48 Imperial Age
28:12 Hand Cart
28:24 Scale Barding Armor
28:29 Forging
29:43 Bloodlines
29:34 Husbandry
30:21 Gold Shaft Mining
30:21 Elite Steppe Lancer
33:31 Chain Barding Armor
33:47 Iron Casting
34:18 Conscription
36:45 Crop Rotation
37:25 Two-Man Saw
36:59 Light Cavalry
39:11 Hussar
43:46 Plate Barding Armor
44:11 Blast Furnace
Pay It Forward
1:03 Loom
10:34 Feudal Age
15:05 Castle Age
12:55 Horse Collar
14:02 Double-Bit Axe
14:42 Gold Mining
15:03 Fletching
19:50 Bow Saw
22:17 Bodkin Arrow
23:27 Wheelbarrow
23:05 Town Watch
23:36 Padded Archer Armor
24:23 Ballistics
25:31 Fortified Wall
28:13 Leather Archer Armor
28:23 Hand Cart
28:00 Town Watch
31:17 Heavy Plow
31:56 Gold Shaft Mining
32:49 Yeomen
35:25 Treadmill Crane
35:56 Masonry
38:22 Imperial Age
35:48 Stone Mining
36:40 Fervor
37:10 Sanctity
37:01 Herbal Medicine
38:37 Elite Longbowman
39:38 Conscription
40:29 Hoardings
41:09 Two-Man Saw
40:16 Bracer
41:35 Chemistry
41:06 Architecture
43:44 Ring Archer Armor
43:50 Guilds
44:29 Murder Holes
44:39 Siege Engineers
47:05 Hoardings
46:31 Warwolf
Connection lost

Rejoining the realm…

Still unreachable

The connection could not be restored.

Session expired

The server has moved on; the page needs a fresh start.